 Dungeon Crawl Stone Soup version 0.19-a0-1320-g0178847 (webtiles) character file.

107 mopl the Chopper (level 4, -3/39 HPs)
             Began as a Hill Orc Fighter on Aug 31, 2016.
             Slain by an ogre
             ... wielding a +0 giant spiked club
              (19 damage)
             ... on level 3 of the Dungeon.
             The game lasted 00:03:03 (1791 turns).

mopl the Chopper (Hill Orc Fighter)                 Turns: 1791, Time: 00:03:04

Health: -3/39      AC:  6    Str: 18    XL:     4   Next: 86%
Magic:  4/4        EV:  6    Int:  8    God:
Gold:   89         SH:  0    Dex: 11    Spells: 0 memorised, 3 levels left

rFire  . . .     SeeInvis +     a - +0 war axe
rCold  . . .     Gourm    .     b - +0 scale mail
rNeg   . . .     Faith    .     (no shield)
rPois  .         Spirit   .     (no helmet)
rElec  .         Dismiss  .     (no cloak)
rCorr  .         Reflect  .     (no gloves)
MR     .....     Harm     .     (no boots)
Stlth  ..........               (no amulet)
                                (no ring)
                                y - -3 ring of evasion (curse)

@: no status effects
A: see invisible
a: no special abilities


You were on level 3 of the Dungeon.
You were not hungry.

You visited 1 branch of the dungeon, and saw 3 of its levels.

You collected 89 gold pieces.

Inventory:

Hand Weapons
 a - a +0 war axe (weapon)
Missiles
 g - 17 poisoned needles
 p - 5 needles of confusion
Armour
 b - a +0 scale mail (worn)
 c - a +0 shield
Jewellery
 y - a cursed -3 ring of evasion (left hand)
Scrolls
 e - 4 scrolls of identify
 l - 3 scrolls of enchant weapon {unknown}
 m - a scroll of blinking {unknown}
 n - a scroll of recharging {unknown}
 s - 3 scrolls of remove curse {unknown}
 u - a scroll of immolation {unknown}
 v - 2 scrolls of teleportation {unknown}
Potions
 d - a potion of might
 i - 2 potions of curing {unknown}
 k - 2 potions of lignification {unknown}
 o - a potion of cancellation {unknown}
 t - a potion of cure mutation {unknown}
 x - a potion of ambrosia {unknown}
Comestibles
 f - 3 bread rations
 h - 5 fruits
 q - 3 meat rations
 r - a slice of pizza
 w - a royal jelly


   Skills:
 - Level 3.6 Fighting
 + Level 6.4 Axes
 - Level 3.2 Armour
 - Level 3.2 Shields


You had 3 spell levels left.
You didn't know any spells.

Dungeon Overview and Level Annotations

Branches:
Dungeon (3/15)

Altars:

Annotations:
D:2 1 runed door


Innate Abilities, Weirdness & Mutations

You have supernaturally acute eyesight. (SInv)


Message History

An ogre comes into view. It is wielding a giant spiked club.
The ogre shouts!
An ogre is nearby!
As you read the scroll labeled WAOHA KAANUAR, it crumbles to dust.
It is a scroll of identify.
j - a potion of beneficial mutation You hit the ogre.
The ogre is lightly wounded.
The ogre hits you with a giant spiked club.
You barely miss the ogre.
The ogre is lightly wounded.
The ogre hits you with a giant spiked club!
There is a stone staircase leading up here.
Really quaff
j - a potion of beneficial mutation {!q}?
Your vision sharpens.
You feel fantastic!
The ogre hits you with a giant spiked club!
There is a stone staircase leading up here.
The ogre hits you with a giant spiked club!!
You die...

#.###.# #.# #.....### #.# #.# #.#
#.....### #.# #.# #.# #........
#.# #.### #.# #.....#.. #.#
#.#.## #.# #........
##.###....######.# #.#.#....
.................## #.#.##...
..#####...........#######.#.###..
### ##.######.@O........#......
#.# ###.##############. #.#
#.###............ #.#
#.....########### ########.#
####### ......>..# ##########


You could see an ogre.

Vanquished Creatures
  4 adders
  2 worms (D:2)
  A dart slug (D:1)
  2 giant geckos (D:3)
  4 giant cockroaches
  7 goblins
  11 hobgoblins
  5 quokkas
  A ball python (D:2)
  5 bats
  5 giant newts
  6 kobolds
  6 rats
59 creatures vanquished.

Notes
Turn   | Place    | Note
-------+----------+-------------------------------------------
     0 | D:1      | mopl the Hill Orc Fighter began the quest for the Orb.
     0 | D:1      | Reached XP level 1. HP: 19/19 MP: 1/1
    50 | D:1      | Reached skill level 3 in Axes
    66 | D:1      | Reached XP level 2. HP: 20/26 MP: 2/2
   158 | D:1      | Reached skill level 4 in Axes
   270 | D:1      | Reached XP level 3. HP: 20/31 MP: 3/3
   628 | D:2      | Reached skill level 5 in Axes
   771 | D:2      | Reached XP level 4. HP: 38/39 MP: 4/4
  1058 | D:2      | Found a runed door.
  1403 | D:3      | Reached skill level 6 in Axes
  1741 | D:3      | Noticed an ogre
  1789 | D:3      | Gained mutation: You have supernaturally acute eyesight. (SInv) [potion of beneficial mutation]
  1791 | D:3      | Slain by an ogre

Vault maps used:
D:1:      onia_arrival_pyramid, grunt_decor_arrowhead
D:2:      minmay_bisected, uniq_crazy_yiuf_cottage
D:3:      first_bread

Skill      XL: |  1  2  3  4 |
---------------+-------------+-----
Axes           | 3 4 5 6 |  6.4
Fighting       | |  3.6
Armour         | |  3.2
Shields        | |  3.2

Action                   |  1- 3 |  4- 6 || total
-------------------------+-------+-------++-------
Melee: War axe           |   105 |    88 ||   193
  Use: Scroll            |       |     1 ||     1
       Potion            |       |     1 ||     1
  Eat: Chunk             |       |     3 ||     3
Armor: Scale mail        |    61 |    45 ||   106
Dodge: Dodged            |    64 |    40 ||   104
Block: Shield            |     3 |       ||     3
